 Dungeon Crawl Stone Soup version 0.23.2-30-g0e89c35649 (webtiles) character file.

Game seed: 2528206113928951151

455 wheet0 the Blocker (level 7, 0/64 HPs)
             Began as a Formicid Fighter on June 20, 2019.
             Succumbed to a scorpion's poison
             ... on level 3 of the Dungeon.
             The game lasted 00:24:04 (2038 turns).

wheet0 the Blocker (Formicid Fighter)               Turns: 2038, Time: 00:24:05

Health: 0/64       AC: 16    Str: 27    XL:     7   Next: 26%
Magic:  7/7        EV:  7    Int:  8    God:
Gold:   141        SH: 12    Dex: 10    Spells: 6/6 levels left

rFire    . . .     SeeInvis +   a - +0 trident
rCold    . . .     Gourm    .   c - +0 shield
rNeg     . . .     Faith    .   n - +0 plate armour
rPois    .         Spirit   .   (helmet unavailable)
rElec    .         Reflect  .   e - +0 cloak
rCorr    .         Harm     .   p - +0 pair of gloves
MR       .....     Clarity  +   (no boots)
Stlth    ..........             (no amulet)
HPRegen  0.20/turn              (no ring)
MPRegen  0.10/turn              (no ring)

@: mighty, lethally poisoned (0 -> -4), flying
A: permanent stasis, dig shafts and tunnels, four strong arms, antennae 3,
clarity, MP-powered wands
a: Dig, Shaft Self


You were on level 3 of the Dungeon.
You were not hungry.

You visited 1 branch of the dungeon, and saw 3 of its levels.

You collected 141 gold pieces.

Inventory:

Hand Weapons
 a - a +0 trident (weapon)
Armour
 b - a +0 scale mail
 c - a +0 shield (worn)
 e - a +0 cloak (worn)
 n - a +0 plate armour (worn)
 p - a +0 pair of gloves (worn)
Scrolls
 g - a scroll of random uselessness {unknown}
 h - 2 scrolls of teleportation {unknown}
 j - 4 scrolls of blinking {unknown}
 k - 4 scrolls of identify {unknown}
 l - a scroll of fog {unknown}
 m - a scroll of magic mapping {unknown}
 q - 2 scrolls of remove curse {unknown}
Potions
 i - a potion of flight
Comestibles
 f - 5 rations


   Skills:
 + Level 9.0 Fighting
 + Level 4.0 Polearms
 + Level 9.1 Armour
 + Level 0.3 Dodging
 + Level 0.4 Stealth
 + Level 10.0 Shields


You had 6 spell levels left.
You didn't know any spells.
Your spell library was empty.

Dungeon Overview and Level Annotations

Branches:
Dungeon (3/15)

Altars:

Annotations:
D:2 1 runed translucent door, Crazy Yiuf


Innate Abilities, Weirdness & Mutations

You cannot be hasted, slowed, berserked, paralysed or teleported.
You can dig through walls and to a lower floor.
Your four strong arms can wield two-handed weapons with a shield.
You have a pair of large antennae on your head. (SInv)
You possess an exceptional clarity of mind.
You expend magic power (3 MP) to strengthen your wands.


Message History

You feel sick.
* * * LOW HITPOINT WARNING * * *
You feel sick.
* * * LOW HITPOINT WARNING * * *
You feel sick.
* * * LOW HITPOINT WARNING * * *
You feel sick.
* * * LOW HITPOINT WARNING * * *
You feel sick.
* * * LOW HITPOINT WARNING * * *
You feel sick.
* * * LOW HITPOINT WARNING * * *
You feel sick.
* * * LOW HITPOINT WARNING * * *
You feel sick.
* * * LOW HITPOINT WARNING * * *
You feel sick.
* * * LOW HITPOINT WARNING * * *
You feel sick.
You die...

#.# ######## #.# #......# ####.#
#.####.## #....# ########
#.#.....# #.##.. .......#
#.#.....# #..... .......#
#.#.....# ####.# .......#
#.#.....# #..... .......#
#@#.....# #.##.# .......#
#)#.....# ###.##.# .....†.##
####.......# #......#
.......)#####..........# #.#.....
........##..s..###.....###.######
...............+.................
>............[.####.######.....##
.#..†#####..........# #.......
+#...### #......##### #.....#.


There were no monsters in sight!

Vanquished Creatures
  A scorpion (D:3)
  Jessica (D:2)
  6 adders
  2 oozes
  3 worms
  2 dart slugs
  5 leopard geckos
  An orc (D:3)
  A ball python (D:3)
  7 bats
  5 giant cockroaches
  10 goblins
  16 hobgoblins
  3 jackals (D:2)
  6 frilled lizards
  4 kobolds
  6 rats
79 creatures vanquished.

Notes
Turn   | Place    | Note
-------+----------+-------------------------------------------
     0 | D:1      | wheet0 the Formicid Fighter began the quest for the Orb.
     0 | D:1      | Reached XP level 1. HP: 18/18 MP: 1/1
    28 | D:1      | Reached XP level 2. HP: 21/24 MP: 2/2
   126 | D:1      | Reached skill level 4 in Shields
   245 | D:1      | Reached XP level 3. HP: 20/29 MP: 3/3
   668 | D:2      | Noticed Jessica
   670 | D:2      | Reached XP level 4. HP: 36/37 MP: 4/4
   674 | D:2      | Killed Jessica
   872 | D:2      | Reached XP level 5. HP: 42/42 MP: 5/5
  1346 | D:2      | Found a runed translucent door.
  1347 | D:2      | Noticed Crazy Yiuf
  2011 | D:3      | Reached XP level 6. HP: 48/48 MP: 6/6
  2019 | D:3      | Reached skill level 5 in Shields
  2021 | D:3      | Gained mutation: You expend magic power (3 MP) to
                  | strengthen your wands. [potion of mutation]
  2021 | D:3      | Gained mutation: You possess an exceptional clarity of
                  | mind. [potion of mutation]
  2022 | D:3      | Reached skill level 10 in Shields
  2022 | D:3      | Reached XP level 7. HP: 19/64 MP: 7/7
  2033 | D:3      | HP: 3/64 [poisoned by a scorpion]
  2037 | D:3      | HP: 1/64 [poisoned by a scorpion]
  2038 | D:3      | Succumbed to a scorpion's poison

Skill      XL: |  1  2  3  4  5  6 |
---------------+-------------------+-----
Shields        | 4 10 | 10.0
Polearms       | 3 4 |  4.0
Armour         | 4 9 |  9.1
Fighting       | 4 9 |  9.0
Dodging        | |  0.3
Stealth        | |  0.4

Action                   |  1- 3 |  4- 6 |  7- 9 || total
-------------------------+-------+-------+-------++-------
Melee: Trident           |   101 |   191 |       ||   292
  Use: Potion            |       |     4 |       ||     4
 Stab: Distracted        |     1 |       |       ||     1
  Eat: Chunk             |       |     4 |       ||     4
Armor: Scale mail        |    27 |     9 |       ||    36
       Plate armour      |       |    83 |       ||    83
Dodge: Dodged            |    20 |    27 |       ||    47
Block: Shield            |    36 |    81 |       ||   117
